 Dungeon Crawl Stone Soup version 0.31.0-11-ge490571c62 (webtiles) character file.

Game seed: 1947542493180622012

970 Ashen the Sneak (level 8, -1/58 HPs)
             Began as a Gnoll Enchanter on Feb 5, 2024.
             Killed from afar by a white imp (13 damage)
             ... with a puff of frost
             ... on level 6 of the Dungeon.
             The game lasted 00:10:04 (4896 turns).

Ashen the Sneak (Gnoll Enchanter)                   Turns: 4896, Time: 00:10:04

Health: -1/58      AC:  3    Str:  7    XL:     8   Next: 16%
Magic:  9/17       EV: 13    Int: 16    God:
Gold:   228        SH:  0    Dex: 14    Spells: 8/19 levels left

rFire   . . .        a - +1 dagger
rCold   . . .        (no shield)
rNeg    . . .        m - +0 leather armour
rPois   .            (no helmet)
rElec   .            (no cloak)
rCorr   .            (no gloves)
SInv    .            (no boots)
Will    .....        (no amulet)
Stlth   +++          l - ring of wizardry
HPRegen 0.29/turn    v - ring of wizardry
MPRegen 0.15/turn

%: wizardry (x2)
@: no status effects
A: fangs 1, strong nose, distributed training
a: no special abilities


You were on level 6 of the Dungeon.
You visited 2 branches of the dungeon, and saw 7 of its levels.

You collected 228 gold pieces.

Inventory:

Hand Weapons
 a - a +1 dagger (weapon)
Missiles
 o - 14 poisoned darts (quivered)
Armour
 m - a +0 leather armour (worn)
Jewellery
 l - a ring of wizardry (left hand)
 t - a +6 ring of strength
 v - a ring of wizardry (right hand)
Talismans
 s - a maw talisman
Wands
 n - a wand of flame (9)
 r - a wand of iceblast (13)
Scrolls
 b - 2 scrolls of teleportation {unknown}
 e - 8 scrolls of identify {unknown}
 f - 3 scrolls of enchant armour {unknown}
 g - a scroll of acquirement {unknown}
 k - 4 scrolls of torment {unknown}
 q - a scroll of summoning {unknown}
 u - a scroll of fog {unknown}
Potions
 c - 2 potions of invisibility
 d - a potion of cancellation {unknown}
 h - a potion of lignification {unknown}
 i - a potion of resistance {unknown}
 j - a potion of mutation {unknown}
 p - a potion of berserk rage {unknown}
 w - 2 potions of haste {unknown}


   Skills:
 + Level 3.1 Fighting
 + Level 4.1 Short Blades
 + Level 3.1 Long Blades
 + Level 3.1 Axes
 + Level 3.1 Maces & Flails
 + Level 3.1 Polearms
 + Level 3.1 Staves
 + Level 3.1 Ranged Weapons
 + Level 3.1 Throwing
 + Level 3.1 Armour
 + Level 5.6 Dodging
 + Level 6.8 Stealth
 + Level 3.1 Shields
 + Level 3.1 Unarmed Combat
 + Level 6.0 Spellcasting
 + Level 2.5 Conjurations
 + Level 6.1 Hexes
 + Level 2.5 Summonings
 + Level 2.5 Necromancy
 + Level 2.5 Translocations
 + Level 2.5 Fire Magic
 + Level 2.5 Ice Magic
 + Level 2.5 Air Magic
 + Level 2.5 Earth Magic
 + Level 2.5 Alchemy
 + Level 3.4 Invocations
 + Level 3.1 Evocations
 + Level 2.8 Shapeshifting


You had 8 spell levels left.
You knew the following spells:

 Your Spells              Type           Power      Damage    Failure   Level
a - Ensorcelled Hibernat  Hex/Ice        36%        N/A       1%          2
b - Confusing Touch       Hex            24%        N/A       1%          3
c - Tukima's Dance        Hex            24%        N/A       1%          3
d - Dazzling Flash        Conj/Hex       36%        N/A       2%          3

Your spell library contained the following spells:

 Spells                   Type           Power      Damage    Failure   Level


Dungeon Overview and Level Annotations

Branches:
Dungeon (6/15)             Temple (1/1) D:5

Altars:
Ashenzari
Cheibriados
Elyvilon
Hepliaklqana
Kikubaaqudgha
Makhleb
Nemelex Xobeh
Okawaru
Qazlal
Ru
Sif Muna
Vehumet
Wu Jian
Yredelemnul
Zin
The Shining One

Annotations:
D:2 1 runed translucent door, Crazy Yiuf


Innate Abilities, Weirdness & Mutations

You have very sharp teeth.
Your uncanny sense of smell can sniff out nearby items.
Your experience applies equally to all skills.


Message History

An orc warrior comes into view. It is wielding a +0 flail of draining.
The white imp attacks as it pursues you!
The white imp hits you. The white imp freezes you.
The orc warrior moves out of view.
The white imp attacks as it pursues you!
The white imp hits you. The white imp freezes you.
The white imp attacks as it pursues you!
The white imp misses you.
There is a stone staircase leading up here.
You hit the white imp.
The white imp is moderately wounded.
The white imp gestures at you. The puff of frost hits you!
You hit the white imp.
The white imp is heavily wounded.
The white imp misses you.
You hit the white imp but do no damage.
You bite the white imp, but do no damage.
The white imp is heavily wounded.
You hit the white imp.
The white imp is severely wounded.
The white imp gestures at you. The puff of frost hits you!
You hit the white imp but do no damage.
The white imp is severely wounded.
The white imp misses you.
You hit the white imp but do no damage. Your bite misses the white imp.
The white imp is severely wounded.
The white imp hits you. The white imp freezes you.
* * * LOW HITPOINT WARNING * * *
You hit the white imp but do no damage.
The white imp is severely wounded.
The white imp hits you.
* * * LOW HITPOINT WARNING * * *
The white imp freezes you.
* * * LOW HITPOINT WARNING * * *
The white imp shouts, "Decamp, thou euchred ill-nurtured nothing!"
The white imp gestures at you. The puff of frost hits you!
You die...

#......)).......
#... #..........
.
#...##$.........
..
#...#..#########
..##...#.o...####
................!
..#.###.o....####
...#..##5.....#
.......@...####
...##..#.###
.....>.#
##....### #....
#.... #.... ####.


You could see an orc warrior, an orc wizard and a white imp.

Vanquished Creatures
  A steam dragon (D:4)
  2 ogres
  A bullfrog (D:3)
  3 scorpions
  A jelly (D:5)
  3 hounds
  2 iguanas (D:5)
  A sleepcap (D:5)
  9 adders
  2 dart slugs
  2 ribbon worms
  3 orcs
  4 ball pythons
  5 bats (D:2)
  9 endoplasms
  2 giant cockroaches (D:1)
  6 goblins
  5 hobgoblins
  8 jackals
  A quokka (D:1)
  A frilled lizard (D:1)
  13 kobolds
  4 rats
88 creatures vanquished.

Vanquished Creatures (collateral kills)
  An ogre (D:3)
1 creature vanquished.

Grand Total: 89 creatures vanquished

Notes
Turn   | Place    | Note
-------+----------+-------------------------------------------
     0 | D:1      | Ashen the Gnoll Enchanter began the quest for the Orb.
     0 | D:1      | Reached XP level 1. HP: 13/13 MP: 6/6
   167 | D:1      | Reached XP level 2. HP: 19/19 MP: 7/7
   703 | D:2      | Learned a level 2 spell: Ensorcelled Hibernation
   724 | D:2      | Found a runed translucent door.
   725 | D:2      | Noticed Crazy Yiuf
   867 | D:2      | Reached skill level 5 in Spellcasting
   867 | D:2      | Reached XP level 3. HP: 25/25 MP: 7/9
  1061 | D:2      | Reached skill level 1 in Invocations
  1072 | D:2      | Reached skill level 1 in Fighting
  1072 | D:2      | Reached skill level 1 in Long Blades
  1072 | D:2      | Reached skill level 1 in Axes
  1072 | D:2      | Reached skill level 1 in Maces & Flails
  1072 | D:2      | Reached skill level 1 in Polearms
  1072 | D:2      | Reached skill level 1 in Staves
  1072 | D:2      | Reached skill level 1 in Ranged Weapons
  1072 | D:2      | Reached skill level 1 in Throwing
  1072 | D:2      | Reached skill level 1 in Armour
  1072 | D:2      | Reached skill level 1 in Shields
  1072 | D:2      | Reached skill level 1 in Unarmed Combat
  1072 | D:2      | Reached skill level 1 in Evocations
  1189 | D:2      | Reached skill level 1 in Shapeshifting
  1189 | D:2      | Reached XP level 4. HP: 32/32 MP: 11/11
  1801 | D:3      | Learned a level 3 spell: Confusing Touch
  1805 | D:3      | Learned a level 3 spell: Tukima's Dance
  1809 | D:3      | Learned a level 3 spell: Dazzling Flash
  1870 | D:3      | Noticed a bullfrog
  1874 | D:3      | Killed a bullfrog
  1875 | D:3      | Reached skill level 1 in Conjurations
  1875 | D:3      | Reached skill level 1 in Summonings
  1875 | D:3      | Reached skill level 1 in Necromancy
  1875 | D:3      | Reached skill level 1 in Translocations
  1875 | D:3      | Reached skill level 1 in Fire Magic
  1875 | D:3      | Reached skill level 1 in Ice Magic
  1875 | D:3      | Reached skill level 1 in Air Magic
  1875 | D:3      | Reached skill level 1 in Earth Magic
  1875 | D:3      | Reached skill level 1 in Alchemy
  1875 | D:3      | Reached XP level 5. HP: 37/37 MP: 9/12
  1969 | D:3      | Found a white marble altar of Elyvilon.
  2080 | D:3      | Noticed an ogre
  2090 | D:3      | Killed an ogre
  2661 | D:3      | Reached skill level 5 in Dodging
  2661 | D:3      | Reached XP level 6. HP: 39/44 MP: 11/14
  3114 | D:4      | Noticed a steam dragon
  3128 | D:4      | Killed a steam dragon
  3129 | D:4      | Reached XP level 7. HP: 17/51 MP: 11/15
  3392 | D:4      | Found a stormy altar of Qazlal.
  3801 | D:5      | Entered Level 5 of the Dungeon
  4115 | D:5      | Found a basalt altar of Yredelemnul.
  4305 | D:5      | Found a staircase to the Ecumenical Temple.
  4328 | Temple   | Entered the Ecumenical Temple
  4375 | D:5      | Reached XP level 8. HP: 58/58 MP: 13/16
  4665 | D:5      | Found a glowing golden altar of the Shining One.
  4665 | D:5      | Found a shimmering blue altar of Sif Muna.
  4896 | D:6      | Killed from afar by a white imp

Illustrated notes

Levels and vault maps discovered:
D:1:      spicycebolla_arrival_ecumenical, layout_basic, grunt_decor_fettered
D:2:      layout_rooms, kennysheep_generic_room_7, uniq_crazy_yiuf_cottage
D:3:      layout_basic, nicolae_elyvilon_peaceful_grove
D:4:      layout_loops_ring, nicolae_qazlal_general_emergency
D:5:      layout_cave_pods, marbit_many_paths, nicolae_overflow_two_pavilions,
          minmay_temple_entry_arrows
D:6:      layout_basic, mainiacjoe_overflow_catwalk,
          grunt_dithmenos_smoke_and_mirrors, jmf_multi_god_temple
Temple:   nicolae_temple_ecumenical_triangle

Skill      XL: |  1  2  3  4  5  6  7  8 |
---------------+-------------------------+-----
Spellcasting   | 5 6 |  6.0
Stealth        | 6 |  6.8
Invocations    | 1 2 3 |  3.4
Fighting       | 1 2 3 |  3.1
Long Blades    | 1 2 3 |  3.1
Axes           | 1 2 3 |  3.1
Maces & Flails | 1 2 3 |  3.1
Polearms       | 1 2 3 |  3.1
Staves         | 1 2 3 |  3.1
Ranged Weapons | 1 2 3 |  3.1
Throwing       | 1 2 3 |  3.1
Armour         | 1 2 3 |  3.1
Shields        | 1 2 3 |  3.1
Unarmed Combat | 1 2 3 |  3.1
Evocations     | 1 2 3 |  3.1
Shapeshifting  | 1 2 |  2.8
Short Blades   | 3 4 |  4.1
Conjurations   | 1 2 |  2.5
Summonings     | 1 2 |  2.5
Necromancy     | 1 2 |  2.5
Translocations | 1 2 |  2.5
Fire Magic     | 1 2 |  2.5
Ice Magic      | 1 2 |  2.5
Air Magic      | 1 2 |  2.5
Earth Magic    | 1 2 |  2.5
Alchemy        | 1 2 |  2.5
Dodging        | 5 |  5.6
Hexes          | 6 |  6.1

Action                     |  1- 3 |  4- 6 |  7- 9 || total
---------------------------+-------+-------+-------++-------
  Melee: Dagger            |   105 |    88 |    56 ||   249
         Bite              |     9 |     6 |     6 ||    21
         Punch             |     1 |     1 |     2 ||     4
  Throw: Dart              |       |     2 |       ||     2
   Cast: Ensorcelled Hiber |     7 |    34 |    20 ||    61
         Tukima's Dance    |       |     3 |       ||     3
   Stab: Sleeping          |     9 |    27 |    21 ||    57
         Distracted        |       |       |     1 ||     1
 Armour: Robe              |    42 |    10 |       ||    52
         Leather armour    |       |    37 |    31 ||    68
  Dodge: Dodged            |    56 |    55 |    27 ||   138
